 Dungeon Crawl Stone Soup version 0.28-b1-1-g3c77fb2ed1 (webtiles) character file.

Game seed: 596179605966789795

2982 eliilek the Blocker (level 9, -4/79 HPs)
             Began as a Minotaur Fighter on Jan 28, 2022.
             Was a Priest of Nemelex Xobeh.
             Slain by a red ugly thing (6 damage)
             ... on level 6 of the Dungeon.
             The game lasted 00:18:08 (8254 turns).

eliilek the Blocker (Minotaur Fighter)              Turns: 8254, Time: 00:18:08

Health: -4/79      AC: 14    Str: 21    XL:     9   Next: 53%
Magic:  8/8        EV:  6    Int:  5    God:    Nemelex Xobeh [***...]
Gold:   264        SH: 11    Dex: 14    Spells: 8/8 levels left

rFire   . . .      SeeInvis .   a - +0 flail
rCold   . . .      Faith    .   c - +0 buckler
rNeg    . . .      Spirit   .   D - +0 plate armour
rPois   .          Reflect  +   (helmet restricted)
rElec   .          Harm     .   (no cloak)
rCorr   .          Rampage  .   z - +0 pair of gloves
Will    .....                   (no boots)
Stlth   ..........              k - amulet of reflection
HPRegen 0.23/turn               (no ring)
MPRegen 0.11/turn               (no ring)

@: no status effects
A: horns 2, retaliatory headbutt
a: Renounce Religion, Draw Escape, Draw Destruction, Draw Summoning, Triple Draw


You were on level 6 of the Dungeon.
You worshipped Nemelex Xobeh.
Nemelex Xobeh was most pleased with you.
You visited 1 branch of the dungeon, and saw 7 of its levels.
You also visited: Sewer.

You collected 324 gold pieces.
You spent 60 gold pieces at shops.

Inventory:

Hand Weapons
 a - a +0 flail (weapon)
Missiles
 e - 203 stones
 q - 2 poisoned darts (quivered)
Armour
 c - a +0 buckler (worn)
 z - a +0 pair of gloves (worn)
 D - a +0 plate armour (worn)
Jewellery
 k - an amulet of reflection (around neck)
 A - a ring of protection from fire
Wands
 u - a wand of paralysis (6)
 B - a wand of iceblast (11)
Scrolls
 f - a scroll of noise {unknown}
 g - 2 scrolls of enchant armour
 j - 2 scrolls of teleportation
 m - 3 scrolls of fear
 n - a scroll of immolation {unknown}
 p - 2 scrolls of fog {unknown}
 s - a scroll of summoning {unknown}
 x - a scroll of amnesia {unknown}
 y - a scroll of magic mapping
 C - a scroll of brand weapon {unknown}
Potions
 b - 2 potions of cancellation {unknown}
 d - a potion of might
 h - a potion of berserk rage {unknown}
 i - 2 potions of brilliance {unknown}
 l - a potion of haste {unknown}
 o - a potion of lignification {unknown}
 r - 2 potions of mutation {unknown}
 t - a potion of invisibility {unknown}
 v - 3 potions of curing
 w - 3 potions of heal wounds {unknown}


   Skills:
 + Level 7.4 Fighting
 * Level 9.6 Maces & Flails
 + Level 7.5 Armour
 * Level 9.8 Shields


You had 8 spell levels left.
You didn't know any spells.
Your spell library contained the following spells:

 Spells                   Type           Power      Damage    Failure   Level
 Animate Skeleton         Necr           0%         N/A       100%        1
 Pain                     Necr           0%         1d4       100%        1
 Sandblast                Erth           0%         2d4       100%        1
 Passwall                 Tmut/Erth      0%         N/A       100%        2
 Stone Arrow              Conj/Erth      0%         3d7       100%        3
 Vampiric Draining        Necr           0%         2d6       100%        3


Dungeon Overview and Level Annotations

Branches:
Dungeon (7/15)             Temple (0/1) D:6           Sewer (visited)

Altars:
Nemelex Xobeh

Shops:
D:1 ((   D:5 ?


Innate Abilities, Weirdness & Mutations

You have a pair of horns on your head.
You reflexively headbutt those who attack you in melee.


Message History

The red ugly thing stings you!
You are engulfed in flames!!
* * * LOW HITPOINT WARNING * * *
There is a stone staircase leading up, spattered with blood here.
You block the howler monkey zombie's attack.
You block the howler monkey zombie's attack.
The centaur zombie barely misses you. You furiously retaliate!
You headbutt the centaur zombie, but do no damage.
You block the centaur zombie's attack.
You draw a card...
You have drawn the Orb.
Press: ? - help, Shift-Dir - straight line, f - red ugly thing
Aim: a red ugly thing The wavering orb of destruction weakly hits the centaur zombie!
The centaur zombie is severely damaged.
The wavering orb of destruction weakly hits the howler monkey zombie!
You blow up the howler monkey zombie!
The centaur zombie closely misses you. You furiously retaliate!
You headbutt the centaur zombie!
You destroy the centaur zombie!
Your orb of destruction hits a rock wall.
Your orb of destruction hits a rock wall. x3
You draw a card...
You have drawn the Tomb.
Walls emerge from the floor!
You block the red ugly thing's attack.
As you read the scroll of fear, it crumbles to dust.
You assume a fearsome visage.
The red ugly thing looks frightened!
The walls disappear prematurely!
The red ugly thing seems to regain its courage.
The red ugly thing closely misses you.
There is a stone staircase leading up, spattered with blood here.
The red ugly thing stings you.
* * * LOW HITPOINT WARNING * * *
You are engulfed in flames!
* * * LOW HITPOINT WARNING * * *
You climb upwards.
There is a stone staircase leading down, spattered with blood here.
You draw a card...
You have drawn the Tomb.
Walls emerge from the floor!
The deck of cards glows slightly and disappears.
The red ugly thing stings you.
You die...
Your body glows slightly and disappears.

#.#############.# #.#
#...............# #.#
#.########.####.# #.# #.#
#.# #.#####.#
##.########.####.#......
#.......................
#..#######..##.#.#.###.#
#..# ##u...............
#..# #@#.[.............
#..# ####..##.).#.###..
###..######.......##.###.#
#........................#
###.#######...#......#####
#.# #...#......##### #.#
#...#......+.... #.#
#...#......##### #.#
#.......#### #


You could see a red ugly thing.

Vanquished Creatures
  A troll (D:6)
  A steam dragon (D:6)
  Menkaure (D:6)
  A naga (D:6)
  An orc warrior (D:6)
  Pargi (Sewer)
  An ice beast (D:6)
  A black bear (D:6)
  A sky beast (D:3)
  3 ogres
  3 centaurs (D:6)
  A phantom (D:6)
  A gnoll sergeant (D:4)
  5 scorpions
  A water moccasin skeleton (D:5)
  3 wights (D:6)
  5 hounds
  A bullfrog zombie (D:6)
  2 centaur zombies
  2 orc priests (D:6)
  A gnoll shaman (D:6)
  Terence (D:3)
  2 iguanas (D:5)
  2 orc wizards (D:6)
  A howler monkey zombie (D:7)
  8 gnolls
  A howler monkey skeleton (D:2)
  6 adders
  2 river rats
  A shadow imp (D:6)
  A white imp (D:6)
  An ufetubus (D:5)
  3 worms
  A dart slug (D:2)
  20 orcs
  6 endoplasms
  3 giant cockroaches
  12 goblins
  11 hobgoblins
  6 jackals
  6 quokkas
  16 ball pythons
  6 bats
  3 frilled lizards
  4 kobolds
  3 rats (D:1)
163 creatures vanquished.

Vanquished Creatures (collateral kills)
  A bullfrog (D:7)
1 creature vanquished.

Grand Total: 164 creatures vanquished

Notes
Turn   | Place    | Note
-------+----------+-------------------------------------------
     0 | D:1      | eliilek the Minotaur Fighter began the quest for the Orb.
     0 | D:1      | Reached XP level 1. HP: 19/19 MP: 0/0
   364 | D:1      | Reached XP level 2. HP: 24/27 MP: 1/1
   434 | D:1      | Found Hiurr's Weapon Emporium.
   716 | D:1      | Found Heunwopo's Antique Weapon Shoppe.
  1150 | D:2      | Reached XP level 3. HP: 33/33 MP: 2/2
  1685 | D:2      | Found a faded altar of an unknown god.
  1687 | D:2      | Prayed at the altar of an unknown god.
  1687 | D:2      | Became a worshipper of Nemelex Xobeh the Trickster
  1687 | D:2      | Reached * piety under Nemelex Xobeh
  1698 | D:2      | Received a gift from Nemelex Xobeh
  1914 | D:3      | Noticed a water moccasin
  1918 | D:3      | Noticed a sky beast
  1918 | D:3      | a water moccasin changed into a sky beast
  1939 | D:3      | Killed a sky beast
  1940 | D:3      | Reached XP level 4. HP: 31/41 MP: 3/3
  1940 | D:3      | Reached XP level 5. HP: 35/47 MP: 4/4
  2175 | D:3      | Reached skill level 5 in Shields
  2376 | D:3      | Noticed Terence
  2391 | D:3      | Killed Terence
  2897 | D:3      | Reached ** piety under Nemelex Xobeh
  3127 | D:4      | Found a glowing drain.
  3143 | Sewer    | Entered a sewer
  3229 | Sewer    | Noticed Pargi
  3236 | Sewer    | Killed Pargi
  3237 | Sewer    | Reached skill level 5 in Maces & Flails
  3237 | Sewer    | Reached XP level 6. HP: 44/53 MP: 5/5
  3426 | D:4      | Received a gift from Nemelex Xobeh
  3492 | D:4      | Reached skill level 5 in Armour
  3656 | D:4      | Reached skill level 5 in Fighting
  3656 | D:4      | Reached XP level 7. HP: 23/61 MP: 6/6
  4359 | D:5      | Entered Level 5 of the Dungeon
  4519 | D:5      | Identified the +5 shortbow of Cowardice {freeze, rPois rF+
                  | Will+}
  5258 | D:5      | Reached XP level 8. HP: 54/70 MP: 7/7
  5511 | D:5      | Found Luxu's Magic Scroll Shoppe.
  5514 | D:5      | Bought a scroll of identify for 20 gold pieces
  5514 | D:5      | Bought a scroll of identify for 20 gold pieces
  5514 | D:5      | Bought a scroll of identify for 20 gold pieces
  5663 | D:6      | HP: 3/70 [steam dragon] (7)]
  6515 | D:6      | Reached XP level 9. HP: 78/78 MP: 8/8
  6615 | D:6      | Found a staircase to the Ecumenical Temple.
  6873 | D:6      | Reached *** piety under Nemelex Xobeh
  6928 | D:6      | Noticed Menkaure
  6936 | D:6      | Killed Menkaure
  7318 | D:7      | Noticed a troll
  7671 | D:6      | Killed a troll
  8132 | D:7      | Noticed a red ugly thing
  8252 | D:7      | HP: 2/79 [red ugly thing (14)]
  8254 | D:6      | Slain by a red ugly thing

Illustrated notes

Levels and vault maps discovered:
D:1:      shiori_arrival_elements, layout_loops_ring, serial_shops,
          nicolae_lakefront_shop, nicolae_shop_trees, minmay_crystal_water
D:2:      layout_loops_cross, chequers_ecumenical_altar_twisty
D:3:      minmay_bubble_buster, layout_loops_ring, serial_glass,
          glass_columns_a, glass_columns_a, glass_columns_c, glass_columns_a,
          glass_columns_a, glass_columns_b, glass_columns_a, glass_columns_b,
          item_on_display_b, feat_on_display, due_unseen_surprise,
          serial_bayou_pond_e, minmay_misc_feat_tiny, grunt_ministairs_2,
          uniq_terence
D:4:      layout_gridville, cheibrodos_sewer_entry_sluice, st_stairs_7,
          dk_vineyard_3, minmay_strange_pillars
D:5:      layout_rooms, serial_shops, kennysheep_mini_moat
D:6:      layout_basic, minmay_temple_entry_poolview, uniq_menkaure
D:7:      layout_rooms, lemuel_round_altar

Skill      XL: |  1  2  3  4  5  6  7  8  9 |
---------------+----------------------------+-----
Shields        | 4 5 6 7 8 9 |  9.8
Maces & Flails | 3 4 5 6 8 9 |  9.6
Fighting       | 4 5 6 7 |  7.4
Armour         | 4 5 6 7 |  7.5

Action                   |  1- 3 |  4- 6 |  7- 9 || total
-------------------------+-------+-------+-------++-------
Melee: Flail             |   126 |   125 |   315 ||   566
       Headbutt          |    10 |    20 |    58 ||    88
Throw: Dart              |       |     3 |       ||     3
Invok: Draw Destruction  |     1 |       |     9 ||    10
       Draw Escape       |       |     1 |     2 ||     3
       Draw Summoning    |       |       |     1 ||     1
  Use: Scroll            |       |     4 |     4 ||     8
       Potion            |       |       |     1 ||     1
Armor: Chain mail        |    82 |    60 |   121 ||   263
       Scale mail        |     2 |       |       ||     2
       Plate armour      |       |       |    40 ||    40
Dodge: Dodged            |    56 |    41 |    95 ||   192
Block: Buckler           |    25 |    36 |   211 ||   272
       Reflection        |       |       |     7 ||     7
